 Dungeon Crawl Stone Soup version 0.31-a0-968-g24f9ace8b5 (webtiles) character file.

Game seed: 10046408943194543606

1013 LeprechaunX the Changeling (level 8, -4/54 HPs)
             Began as an Octopode Shapeshifter on Oct 27, 2023.
             Was a Believer of Ru.
             Slain by a gnoll sergeant
             ... wielding a +0 vampiric trident
              (14 damage)
             ... on level 7 of the Dungeon.
             The game lasted 00:06:30 (5600 turns).

LeprechaunX the Changeling (Octopode Shapeshifter)  Turns: 5600, Time: 00:06:31

Health: -4/54      AC:  1    Str: 13    XL:     8   Next: 21%
Magic:  8/8        EV: 13    Int: 13    God:    Ru [**....]
Gold:   352        SH:  0    Dex: 11    Spells: 7/7 levels left

rFire   . .          .
                       - Unarmed
rCold   . . .        (no shield)
rNeg    . . .        (helmet currently unavailable)
rPois   .            (no amulet)
rElec   .            w - ring of protection from fire
rCorr   .            y - ring "Xean Heo" {Wiz +Blink rC+ Will+ Dex-2 Stlth+}
SInv    .            (no ring)
Will    +....        (no ring)
Stlth   +++          (no ring)
HPRegen 0.29/turn    (no ring)
MPRegen 0.11/turn    (no ring)
                     (no ring)

%: wizardry (x1)
@: beast-form
A: beast (slay +3), almost no armour, amphibious, 8 rings, camouflage 1,
gelatinous body 1, temperature sensitive, (nimble swimmer 1), tentacles
a: Begin Untransformation, Renounce Religion, Evoke Blink


You were on level 7 of the Dungeon.
You worshipped Ru.
Ru was pleased with you.
You were a hulking beast.
You visited 2 branches of the dungeon, and saw 8 of its levels.

You collected 352 gold pieces.

Inventory:

Hand Weapons
 a - a +1 sling of flaming
 B - a +3 sling
Missiles
 t - 2 throwing nets
Jewellery
 w - a ring of protection from fire (left tentacle)
 y - the ring "Xean Heo" (right tentacle) {Wiz +Blink rC+ Will+ Dex-2 Stlth+}
   (You found it on level 5 of the Dungeon)

   [ring of wizardry]

   Wiz:       It improves your spell success rate.
   Dex-2:     It affects your dexterity (-2).
   rC+:       It protects you from cold.
   Will+:     It increases your willpower.
   +Blink:    It lets you blink.
   Stlth+:    It makes you more stealthy.
 G - a ring of ice
Talismans
 b - a beast talisman
 c - a flux talisman
 e - a dragon-blood talisman
Wands
 D - a wand of charming (3)
Scrolls
 f - a scroll of revelation {unknown}
 k - 7 scrolls of identify {unknown}
 l - 2 scrolls of teleportation {unknown}
 m - a scroll of amnesia {unknown}
 p - 3 scrolls of enchant armour {unknown}
 s - 2 scrolls of noise {unknown}
 u - a scroll of poison {unknown}
 v - a scroll of vulnerability {unknown}
 C - a scroll of immolation {unknown}
 E - a scroll of blinking {unknown}
Potions
 d - 3 potions of lignification
 g - a potion of experience {unknown}
 h - a potion of cancellation {unknown}
 i - 5 potions of brilliance {unknown}
 j - 3 potions of mutation {unknown}
 n - a potion of curing {unknown}
 o - a potion of ambrosia {unknown}
 q - 2 potions of heal wounds {unknown}
 r - a potion of degeneration {unknown}
 x - a potion of attraction {unknown}
 z - 2 potions of haste {unknown}
 A - a potion of resistance {unknown}
 F - 2 potions of might {unknown}


   Skills:
 + Level 4.0 Fighting
 + Level 3.8 Ranged Weapons
 - Level 2.0 Dodging
 + Level 4.9 Unarmed Combat
 + Level 2.0 Evocations
 * Level 6.0 Shapeshifting


You had 7 spell levels left.
You didn't know any spells.
Your spell library contained the following spells:

 Spells                   Type           Power      Damage    Failure   Level
 Call Canine Familiar     Summ           0%         N/A       34%         3
 Dazzling Flash           Conj/Hex       0%         N/A       34%         3
 Sigil of Binding         Hex            0%         N/A       34%         3
 Volatile Blastmotes      Fire/Tloc      0%         2d10      34%         3
 Dimensional Bullseye     Hex/Tloc       0%         N/A       73%         4
 Leda's Liquefaction      Hex/Erth       0%         N/A       73%         4
 Simulacrum               Ice/Necr       0%         N/A       100%        6
 Starburst                Conj/Fire      0%         6d3       100%        6
 Ozocubu's Refrigeration  Ice            0%         4d7       100%        7
 Maxwell's Capacitive Co  Air            0%         ∞         100%        8
 Polar Vortex             Ice            0%         N/A       100%        9


Dungeon Overview and Level Annotations

Branches:
Dungeon (7/15)             Temple (1/1) D:4

Altars:
Cheibriados
Dithmenos
Elyvilon
Fedhas
Gozag
Kikubaaqudgha
Makhleb
Nemelex Xobeh
Okawaru
Qazlal
Ru
Sif Muna
Trog
Uskayaw
Vehumet
The Shining One

Shops:
D:3 *

Annotations:
D:3 1 runed translucent door, Crazy Yiuf
D:5 3 runed translucent doors, RandomusNamus's ghost, novice MiBr


Innate Abilities, Weirdness & Mutations

You are a hulking beast.
Your limbs bulge with bestial killing power. (Slay +3)
You cannot wear most types of armour.
You are amphibious.
You can wear up to eight rings at the same time.
Your skin changes colour to match your surroundings (Stealth+).
Your rubbery body absorbs attacks. (AC +1, EV +1)
You are sensitive to extremes of temperature. (rF-, rC-)
((You are camouflaged when in or above water. (Stealth+)))
You have tentacles for arms and can constrict up to eight enemies at once.


Message History

The gnoll sergeant is moderately wounded.
A gnoll comes into view. It is wielding a +0 whip.
The gnoll sergeant closely misses you.
Your +1 sling of flaming stops flaming.
You are now empty-tentacled.
Unknown command.
A gnoll comes into view. It is wielding a +0 whip.
The gnoll sergeant hits you with a +0 vampiric trident.
The gnoll shouts! x2
You bludgeon the gnoll sergeant! You grab the gnoll sergeant.
The gnoll sergeant is heavily wounded.
You constrict the gnoll sergeant, but do no damage.
A gnoll comes into view. It is wielding a +0 whip.
The gnoll sergeant hits you with a +0 vampiric trident.
The gnoll sergeant draws strength from your wounds!
You tentacle-slap the gnoll sergeant but do no damage.
You squeeze the gnoll sergeant.
The gnoll sergeant is severely wounded.
You constrict the gnoll sergeant, but do no damage.
You redirect the gnoll sergeant's attack!
The gnoll sergeant hits the gnoll with a +0 vampiric trident!
You tentacle-slap the gnoll sergeant. You squeeze the gnoll sergeant.
The gnoll sergeant is almost dead.
You constrict the gnoll sergeant.
The gnoll sergeant hits you with a +0 vampiric trident!!
The gnoll sergeant draws strength from your wounds!
Unknown command.
You tentacle-slap the gnoll sergeant but do no damage.
The gnoll sergeant is almost dead.
You constrict the gnoll sergeant, but do no damage.
The gnoll hits you with a +0 whip!
* * * LOW HITPOINT WARNING * * *
The gnoll sergeant hits you with a +0 vampiric trident.
* * * LOW HITPOINT WARNING * * *
The gnoll sergeant draws strength from your wounds!
You completely miss the gnoll sergeant.
The gnoll sergeant is almost dead.
You constrict the gnoll sergeant, but do no damage.
The gnoll is stunned by your conviction and fails to attack.
The gnoll sergeant hits you with a +0 vampiric trident!
You die...

####... ..... .....
.... #..# #gg# .#
#gg# #.# #h####...#
#####......#
#........##### ..
#............##..####
#....................
####...##............
......##...........#
......##.#####.....#
......##.###<...#


You could see a gnoll sergeant and 3 gnolls.

Vanquished Creatures
  A wyvern (D:6)
  An ice beast (D:6)
  2 black bears
  A bullfrog (D:6)
  2 scorpions
  2 hounds
  2 orc priests (D:6)
  An orc wizard (D:6)
  A sleepcap (D:4)
  4 gnolls
  8 adders
  9 worms
  3 dart slugs
  10 orcs
  9 ball pythons
  4 bats
  9 endoplasms
  2 giant cockroaches
  11 goblins
  6 hobgoblins
  3 jackals (D:4)
  4 quokkas
  3 frilled lizards (D:1)
  8 kobolds
  3 rats
109 creatures vanquished.

Notes
Turn   | Place    | Note
-------+----------+-------------------------------------------
     0 | D:1      | LeprechaunX the Octopode Shapeshifter began the quest for
                  | the Orb.
     0 | D:1      | Reached XP level 1. HP: 13/13 MP: 1/1
   183 | D:1      | Reached XP level 2. HP: 18/18 MP: 2/2
   459 | D:1      | Reached XP level 3. HP: 10/23 MP: 3/3
   902 | D:2      | Reached skill level 1 in Ranged Weapons
  1374 | D:2      | Reached XP level 4. HP: 26/29 MP: 4/4
  2022 | D:3      | Found Ciwaix's General Store.
  2334 | D:3      | Found a runed translucent door.
  2335 | D:3      | Noticed Crazy Yiuf
  2369 | D:3      | Found a blossoming altar of Fedhas.
  2796 | D:4      | Reached skill level 4 in Shapeshifting
  2819 | D:4      | Found a staircase to the Ecumenical Temple.
  2823 | D:4      | Reached XP level 5. HP: 30/34 MP: 5/5
  2832 | Temple   | Entered the Ecumenical Temple
  2844 | Temple   | Became a worshipper of Ru the Awakened
  3150 | D:4      | Found a shadowy altar of Dithmenos.
  3199 | D:4      | Reached XP level 6. HP: 33/41 MP: 6/6
  3556 | D:4      | Found a glowing golden altar of the Shining One.
  3781 | D:5      | Entered Level 5 of the Dungeon
  3818 | D:5      | Identified the ring "Xean Heo" {Wiz +Blink rC+ Will+ Dex-2
                  | Stlth+}
  3876 | D:5      | Gained mutation: You are sensitive to extremes of
                  | temperature. (rF-, rC-) [Ru sacrifice]
  3876 | D:5      | Reached * piety under Ru
  3876 | D:5      | Reached ** piety under Ru
  4291 | D:5      | Noticed a black bear
  4301 | D:5      | Killed a black bear
  4397 | D:5      | Noticed RandomusNamus's ghost (novice MiBr)
  4400 | D:5      | Found a runed translucent gate.
  4400 | D:5      | Found a runed translucent gate.
  4400 | D:5      | Found a runed translucent gate.
  4400 | D:5      | Identified the +4 hand axe of the Key {pain, Will+}
  4411 | D:5      | Identified the +3 flail of Koiloaj {venom, rN+}
  4519 | D:5      | Reached skill level 5 in Shapeshifting
  4519 | D:5      | Reached XP level 7. HP: 46/46 MP: 7/7
  4826 | D:6      | Noticed a wyvern
  4834 | D:6      | Killed a wyvern
  4835 | D:6      | Reached skill level 1 in Evocations
  5212 | D:6      | Reached XP level 8. HP: 48/54 MP: 8/8
  5349 | D:6      | Reached skill level 6 in Shapeshifting
  5560 | D:7      | Identified the of Guuta
  5600 | D:7      | Slain by a gnoll sergeant

Illustrated notes

Levels and vault maps discovered:
D:1:      elethiomel_arrival_infinity_welcomes_careful_drivers,
          layout_loops_ring
D:2:      layout_basic, amcnicky_mini_rare_corridor_liquid
D:3:      layout_loops_ring, overflow_temple_1_default, serial_shops, shop,
          serial_park_tiny_1, minmay_diced_spiral, uniq_crazy_yiuf_cottage
D:4:      layout_gridville, kennysheep_mini_moat,
          nicolae_tso_swordbearing_angel, minmay_temple_entry_waves,
          skrybe_limestone_x, hangedman_decor_push
D:5:      layout_gridville, biasface_ghost_orc_armoury, nicolae_wormholes
D:6:      layout_loops_ring
D:7:      layout_rooms, mainiacjoe_overflow_alcove_1,
          nicolae_wu_jian_immortal_techniques, uniq_joseph, uniq_menkaure
Temple:   nicolae_temple_god_jail

Skill      XL: |  1  2  3  4  5  6  7  8 |
---------------+-------------------------+-----
Ranged Weapons | 1 2 3 |  3.8
Fighting       | 2 3 4 |  4.0
Shapeshifting  | 4 5 6 |  6.0
Unarmed Combat | 4 |  4.9
Evocations     | 1 2 |  2.0
Dodging        | |  2.0

Action                     |  1- 3 |  4- 6 |  7- 9 || total
---------------------------+-------+-------+-------++-------
  Melee: Unarmed           |    69 |    84 |    37 ||   190
         Constrict         |    16 |    21 |     6 ||    43
         Tentacles         |    10 |    18 |    13 ||    41
         Punch             |     1 |     2 |     1 ||     4
   Fire: Sling             |       |    54 |    39 ||    93
 Invoke: Sacrifice Resista |       |     1 |       ||     1
   Stab: Sleeping          |     9 |     6 |       ||    15
 Armour: Skin              |    31 |    47 |    23 ||   101
  Dodge: Dodged            |    36 |    45 |    20 ||   101

Table legend: (Time is in decaauts)
 A = Elapsed time spent in this place.
 B = Non-inter-level travel time spent in this place.
 C = Inter-level travel time spent in this place.
 D = Time resting spent in this place.
 E = Time spent auto-exploring this place.
 F = Levels seen in this place.
 G = Mean time per level.
                   A        B        C        D        E       F      G
               +--------+--------+--------+--------+--------+-----+--------+
         Total |   5597 |   5344 |    253 |    349 |   4218 |   8 |  699.6 |
       Dungeon |   5574 |   5332 |    242 |    349 |   4218 |   7 |  796.3 |
        Temple |     22 |     11 |     11 |      0 |      0 |   1 |   22.0 |
               +--------+--------+--------+--------+--------+-----+--------+

Top non-repeatable levels by time:
     D:4: 1069 daAuts
     D:2: 1000 daAuts
     D:6: 902 daAuts
     D:3: 895 daAuts
     D:1: 882 daAuts
     D:5: 786 daAuts
     D:7: 39 daAuts
  Temple: 22 daAuts
